 Dungeon Sprint DCSS version 0.23.2-40-g277498a001 (webtiles) character file.

Game seed: 13239682742659401608

431 Htamos the Skirmisher (level 6, -2/84 HPs)
             Began as a Demonspawn Berserker on Aug 28, 2019.
             Was a Believer of Trog.
             Asphyxiated
             ... in the Dungeon (Sprint I: "Red Sonja").
             The game lasted 00:02:18 (553 turns).

Htamos the Skirmisher (Demonspawn Berserker)         Turns: 553, Time: 00:02:18

Health: -2/84      AC:  4    Str: 24    XL:     6   Next: 66%
Magic:  6/6        EV: 18    Int:  8    God:    Trog [**....]
Gold:   106        SH:  0    Dex: 13    Spells: 5/5 levels left

rFire    . . .     SeeInvis .   a - +0 mace
rCold    . . .     Gourm    .   (no shield)
rNeg     . . .     Faith    .   l - +2 robe
rPois    .         Spirit   .   (no helmet)
rElec    .         Reflect  .   (no cloak)
rCorr    .         Harm     .   (no gloves)
MR       .....     NoTele   +   (no boots)
Stlth    ..........             (no amulet)
HPRegen  0.24/turn              (no ring)
MPRegen  0.10/turn              (no ring)

@: berserking (expiring), lethally poisoned (-2 -> -19), slowed
A: repulsion field 1
a: Berserk, Trog's Hand, Renounce Religion


You were in the Dungeon.
You worshipped Trog.
Trog was pleased with you.
You were very hungry.

You visited 1 branch You collected 307 gold pieces.
You spent 201 gold pieces at shops.

Inventory:

Hand Weapons
 a - a +0 mace (weapon)
Armour
 b - a +0 animal skin
 l - a +2 robe (worn)
Scrolls
 i - a scroll of blinking
 k - a scroll of enchant weapon
Potions
 d - 2 potions of curing
 e - 2 potions of heal wounds
 f - a potion of haste
 g - 2 potions of magic
 h - a potion of berserk rage
 j - a potion of lignification {unknown}
Comestibles
 c - a ration
 m - 2 chunks of flesh


   Skills:
 + Level 7.8 Fighting
 + Level 7.1 Maces & Flails
 + Level 6.8 Armour
 + Level 6.8 Dodging


You had 5 spell levels left.
You didn't know any spells.
Your spell library was empty.

Dungeon Overview and Level Annotations

Branches:
Dungeon (1/1)

Altars:
Cheibriados
Dithmenos
Elyvilon
Fedhas
Gozag
Hepliaklqana
Kikubaaqudgha
Nemelex Xobeh
Okawaru
Qazlal
Ru
Sif Muna
Trog
Uskayaw
Vehumet
Wu Jian
Yredelemnul
Zin
The Shining One

Shops:
D *

Annotations:
D Sonja


Innate Abilities, Weirdness & Mutations

You are surrounded by a mild repulsion field. (EV +2)


Message History

Unknown command.
You closely miss Sonja.
Sonja is lightly wounded.
You feel sick. Sonja hits you but does no damage. Space bends around you.
* * * LOW HITPOINT WARNING * * *
Sonja misses you. Sonja closely misses you.
Unknown command.
You closely miss Sonja.
Sonja is lightly wounded.
Sonja casts a spell.
Sonja blinks!
Sonja unwields a +1 dagger of distortion.
Its appearance distorts for a moment.
Sonja wields a +0 blowgun.
Sonja shoots a curare-tipped needle.
The curare-tipped needle misses you.
You are too berserk!
You feel sick.
Sonja shoots a curare-tipped needle.
The curare-tipped needle hits you.
You are lethally poisoned!
You have difficulty breathing.
You die...

#..').#..').#..+
#..#####'#####'#
#..####..#.K.#.#
#..#__####..##(#
#..#_____##'#_.+
#⌠⌠#_.∩...÷..._#
####_..__##_(#+#
#_____###(#
####### #@#
+$.$+ #$.$#
##.## #+#


You could see Sonja.

Vanquished Creatures
  Sigmund (D)
  A yak (D)
  An ogre (D)
  A jelly (D)
  Ijyb (D)
5 creatures vanquished.

Notes
Turn   | Place    | Note
-------+----------+-------------------------------------------
     0 | D        | Htamos the Demonspawn Berserker began the quest for the
                  | Orb.
     0 | D        | Reached XP level 1. HP: 18/18 MP: 1/1
     1 | D        | Noticed Ijyb
    28 | D        | Killed Ijyb
    28 | D        | Gained mutation: You are surrounded by a mild repulsion
                  | field. (EV +2) [demonic ancestry]
    28 | D        | Reached XP level 2. HP: 19/25 MP: 2/2
   166 | D        | Noticed an ogre
   172 | D        | Killed an ogre
   172 | D        | Reached skill level 5 in Fighting
   172 | D        | Reached XP level 3. HP: 29/33 MP: 3/3
   172 | D        | Reached XP level 4. HP: 34/39 MP: 4/4
   291 | D        | Noticed Sigmund
   296 | D        | Killed Sigmund
   296 | D        | Reached ** piety under Trog
   296 | D        | Reached skill level 5 in Armour
   296 | D        | Reached skill level 5 in Dodging
   296 | D        | Reached XP level 5. HP: 42/47 MP: 5/5
   417 | D        | Found an ornate altar of the Wu Jian Council.
   417 | D        | Found a deep blue altar of Sif Muna.
   419 | D        | Found a radiant altar of Vehumet.
   423 | D        | Reached XP level 6. HP: 55/55 MP: 6/6
   487 | D        | Found Daameunu's General Store.
   487 | D        | Found an ancient bone altar of Kikubaaqudgha.
   487 | D        | Found a hazy altar of Hepliaklqana.
   487 | D        | Found a hide-covered altar of Uskayaw.
   487 | D        | Found a basalt altar of Yredelemnul.
   487 | D        | Found an opulent altar of Gozag.
   487 | D        | Found a snail-covered altar of Cheibriados.
   487 | D        | Found a sacrificial altar of Ru.
   487 | D        | Found a shadowy altar of Dithmenos.
   487 | D        | Noticed a yak
   488 | D        | Found a stormy altar of Qazlal.
   488 | D        | Found a blossoming altar of Fedhas.
   488 | D        | Found a bloodstained altar of Trog.
   488 | D        | Found an iron altar of Okawaru.
   488 | D        | Found a glowing golden altar of the Shining One.
   488 | D        | Found a glowing silver altar of Zin.
   488 | D        | Found a white marble altar of Elyvilon.
   500 | D        | Killed a yak
   503 | D        | Found a sparkling altar of Nemelex Xobeh.
   507 | D        | Bought a scroll of enchant weapon for 97 gold pieces
   507 | D        | Bought a potion of heal wounds for 65 gold pieces
   507 | D        | Bought a potion of curing for 39 gold pieces
   545 | D        | Noticed Sonja
   553 | D        | Asphyxiated

Skill      XL: |  1  2  3  4  5  6 |
---------------+-------------------+-----
Fighting       | 4 5 6 7 |  7.8
Maces & Flails | 3 4 6 7 |  7.1
Armour         | 3 4 5 6 |  6.8
Dodging        | 3 4 5 6 |  6.8

Action                   |  1- 3 |  4- 6 || total
-------------------------+-------+-------++-------
Melee: Mace              |    30 |    21 ||    51
Invok: Berserk           |     2 |     4 ||     6
  Eat: Chunk             |       |     3 ||     3
Armor: Animal skin       |     3 |       ||     3
       Robe              |       |     4 ||     4
Dodge: Dodged            |    11 |    13 ||    24
